 Dungeon Crawl Stone Soup version 0.26-a0-597-gb535b0901c (webtiles) character file.

Game seed: 5368143640404049264

44 Flugslaktarn the Skirmisher (level 3, -5/33 HPs)
             Began as a Minotaur Fighter on Sept 13, 2020.
             Slain by an iguana (6 damage)
             ... on level 3 of the Dungeon.
             The game lasted 00:00:21 (412 turns).

Flugslaktarn the Skirmisher (Minotaur Fighter)       Turns: 412, Time: 00:00:22

Health: -5/33      AC:  7    Str: 20    XL:     3   Next: 41%
Magic:  2/2        EV:  7    Int:  6    God:
Gold:   34         SH:  9    Dex:  9    Spells: 2/2 levels left

rFire    . . .     SeeInvis .   a - +0 war axe
rCold    . . .     Faith    .   c - +0 kite shield
rNeg     . . .     Spirit   .   b - +0 scale mail
rPois    .         Reflect  .   (helmet restricted)
rElec    .         Harm     .   (no cloak)
rCorr    .                      (no gloves)
MR       .....                  (no boots)
Stlth    ..........             (no amulet)
HPRegen  0.11/turn              (no ring)
MPRegen  0.08/turn              (no ring)

@: no status effects
A: retaliatory headbutt, horns 2
a: no special abilities


You were on level 3 of the Dungeon.
You visited 1 branch of the dungeon, and saw 4 of its levels.

You collected 34 gold pieces.

Inventory:

Hand Weapons
 a - a +0 war axe (weapon)
Armour
 b - a +0 scale mail (worn)
 c - a +0 kite shield (worn)
Scrolls
 e - a scroll of magic mapping {unknown}
 f - a scroll of amnesia {unknown}
 g - 3 scrolls of identify {unknown}
Potions
 d - a potion of might
 h - a potion of curing {unknown}
 i - 2 potions of resistance {unknown}


   Skills:
 * Level 4.3 Fighting
 * Level 3.3 Axes
 + Level 4.0 Armour
 + Level 4.0 Shields


You had 2 spell levels left.
You didn't know any spells.
Your spell library was empty.

Dungeon Overview and Level Annotations

Branches:
Dungeon (4/15)
 Temple: D:4-7

Altars:


Innate Abilities, Weirdness & Mutations

You reflexively headbutt those who attack you in melee.
You have a pair of horns on your head.


Message History

You are too injured to fight recklessly!
You are too injured to fight recklessly!
You are too injured to fight recklessly!
You are too injured to fight recklessly!
You are too injured to fight recklessly!
You are too injured to fight recklessly!
You are too injured to fight recklessly!
Unknown command.
There is a stone staircase leading up here.
The iguana bites you.
* * * LOW HITPOINT WARNING * * *
You climb upwards.
There is a stone staircase leading down here.
You hit the iguana but do no damage. You headbutt the iguana.
The iguana is heavily wounded.
You block the iguana's attack.
You barely miss the iguana.
The iguana is moderately wounded.
The iguana closely misses you. The iguana bites you.
You die...

#...................$........
............#....###........#
#.#..#.##...................#
#....#...........^##.......<####
###......#..####............†...#
.....).....#####........#..##...#
#.........##..#.............# #
#...................###...<.#
#####...........@..†....#.......#
....#.........###l..............#
#.............###................
##..............###..#...........
..............#.# ##.##........(.
##.....###.####..# #.##..........
#.....# ### ...(.............
#####.# #######.........# #.#
##........#


You could see an iguana.

Vanquished Creatures
  A bullfrog skeleton (D:3)
  An adder skeleton (D:3)
  2 leopard geckos
  2 bats
  A giant cockroach (D:1)
  A hobgoblin (D:3)
  A goblin (D:2)
  A kobold (D:1)
  3 rats
13 creatures vanquished.

Notes
Turn   | Place    | Note
-------+----------+-------------------------------------------
     0 | D:1      | Flugslaktarn the Minotaur Fighter began the quest for the
                  | Orb.
     0 | D:1      | Reached XP level 1. HP: 19/19 MP: 0/0
   184 | D:3      | Reached XP level 2. HP: 22/27 MP: 1/1
   291 | D:3      | Reached XP level 3. HP: 29/33 MP: 2/2
   402 | D:4      | Noticed an ogre
   409 | D:4      | HP: 1/33 [iguana (3)]
   412 | D:3      | Slain by an iguana

Illustrated notes

Levels and vault maps discovered:
D:1:      dpeg_arrival_castle, layout_basic
D:2:      layout_basic, minmay_misc_feat_rugged, kennysheep_generic_room_13
D:3:      layout_rooms, chequers_ecumenical_altar_island,
          cheibrodos_ashenzari_chains
D:4:      layout_loops_ring, marbit_many_paths,
          nemelex_xobeh_ov_fountains_minmay, kennysheep_cross_room,
          grunt_ministairs_6, uniq_grinder

Skill      XL: |  1  2  3 |
---------------+----------+-----
Fighting       | 4 |  4.3
Axes           | 3 |  3.3
Shields        | 4 |  4.0
Armour         | 4 |  4.0

Action                   || total
-------------------------++-------
Melee: War axe           ||    39
       Headbutt          ||     7
Armor: Scale mail        ||    39
Dodge: Dodged            ||    11
Block: Kite shield       ||    23

Table legend: (Time is in decaauts)
 A = Elapsed time spent in this place.
 B = Non-inter-level travel time spent in this place.
 C = Inter-level travel time spent in this place.
 D = Time resting spent in this place.
 E = Time spent auto-exploring this place.
 F = Levels seen in this place.
 G = Mean time per level.
                   A        B        C        D        E       F      G
               +--------+--------+--------+--------+--------+-----+--------+
         Total |    430 |    402 |     28 |      0 |    274 |   4 |  107.5 |
       Dungeon |    430 |    402 |     28 |      0 |    274 |   4 |  107.5 |
               +--------+--------+--------+--------+--------+-----+--------+

Top non-repeatable levels by time:
     D:3: 245 daAuts
     D:1: 160 daAuts
     D:2: 15 daAuts
     D:4: 9 daAuts
